Map: Frozen Temple

Players

JannaSERA - Winner!

  • Race: Zerg Zerg
  • League: Gold
  • Spawn Location: 11:00

Fropez

  • Race: Protoss Protoss
  • League: Gold
  • Spawn Location: 5:00

VOD

Have the link to the VOD?

Description

Time

  • Played on: Nov. 13, 2016, 3:53 p.m.
  • Length: 10:26
Show
View Real Time Build Order
Export as new Build Order

JannaSERA Zerg - Winner!

Build Orders: Pool First 

Get SALT Encoding   

  12  0:01  Drone  
  13  0:08  Drone  
  14  0:17  Overlord  
  14  0:24  Extractor, Drone  
  15  0:37  Drone x2  
  17  0:51  Spawning Pool  
  17  1:00  Drone  
  17  1:02  Hatchery  
  17  1:06  Drone  
  18  1:16  Extractor, Drone  
  18  1:24  Spawning Pool  
  17  1:44  Drone x2  
  17  1:45  Drone  
  20  1:56  Overlord  
  20  2:04  Evolution Chamber  
  19  2:11  Zergling x2  
  20  2:26  Evolution Chamber, Drone  
  20  2:27  Queen, Drone x2  
  24  2:34  Drone  
  24  2:36  Queen  
  24  2:37  Drone  
  28  2:53  Extractor  
  28  2:57  Drone  
  28  2:58  Drone x3  
  31  3:05  Zerg Missile Weapons Level 1  
  31  3:09  Drone x2  
  33  3:23  Zerg Ground Armor Level 1  
  32  3:31  Drone x4  
  36  3:39  Overlord x4  
  36  3:51  Lair  
  36  4:01  Drone x6  
  36  4:02  Drone  
  43  4:12  Roach Warren  
  43  4:17  Drone x3  
  45  4:29  Extractor  
  44  4:33  Extractor  
  43  4:45  Hatchery  
  42  4:57  Drone x8  
  50  5:07  Glial Reconstitution  
  50  5:11  Zerg Missile Weapons Level 2  
  50  5:15  Roach  
  50  5:16  Roach x5  
  62  5:27  Drone  
  62  5:28  Drone x3  
  66  5:39  Drone  
  66  5:40  Drone  
  66  5:41  Overlord x2  
  65  5:55  Roach  
  63  6:05  Roach x2  
  63  6:06  Roach x4  
  70  6:20  Roach x5  
  70  6:21  Roach  
  70  6:23  Drone  
  83  6:26  Queen  
  83  6:31  Drone x5  
  90  6:42  Overlord x3  
  90  6:50  Overlord  
  90  7:00  Drone x3  
  93  7:02  Roach  
  93  7:03  Roach x3  
  93  7:06  Ravager x2  
  93  7:07  Ravager  
  104  7:10  Roach  
  104  7:11  Roach x3  
  112  7:25  Roach x4, Hydralisk Den  
  113  7:42  Roach  
  113  7:43  Roach x3  
  121  7:49  Tunneling Claws  
  121  7:50  Zerg Ground Armor Level 2  
  121  7:56  Overlord x2  
  121  7:57  Overlord x5  
  121  8:17  Hydralisk  
  121  8:18  Hydralisk x8  
  132  8:37  Hydralisk x5  
  132  8:38  Hydralisk  
  135  8:48  Roach  
  135  8:49  Roach x2  
  136  9:04  Drone x6  
  138  9:28  Drone x7  
  145  9:33  Hydralisk  
  145  9:34  Hydralisk  
  149  9:38  Queen  
  151  9:50  Extractor  
Show
View Real Time Build Order
Export as new Build Order

Fropez Protoss 

Build Orders: 1 Gate Expand, Zealot Archon 

Get SALT Encoding   

  12  0:01  Probe (Chrono Boost)  
  13  0:11  Probe (Chrono Boost)  
  14  0:18  Pylon  
  14  0:22  Probe (Chrono Boost)  
  15  0:37  Gateway  
  15  0:38  Probe (Chrono Boost)  
  16  0:48  Probe (Chrono Boost)  
  17  1:03  Probe (Chrono Boost)  
  18  1:13  Probe (Chrono Boost)  
  18  1:15  Assimilator  
  19  1:23  Nexus  
  19  1:30  Probe (Chrono Boost)  
  20  1:52  Probe (Chrono Boost)  
  21  2:04  Probe (Chrono Boost)  
  21  2:05  Pylon  
  21  2:07  Pylon  
  22  2:24  Pylon, Assimilator  
  22  2:33  Cybernetics Core  
  22  2:43  Probe (Chrono Boost)  
  22  2:45  Probe (Chrono Boost)  
  22  2:47  Gateway  
  22  2:49  Gateway  
  22  2:50  Pylon  
  23  3:00  Probe (Chrono Boost)  
  23  3:01  Probe (Chrono Boost)  
  25  3:10  Probe (Chrono Boost)  
  25  3:11  Warp Gate (Chrono Boost)  
  25  3:12  Mothership Core  
  28  3:27  Probe  
  28  3:33  Probe, Gateway  
  32  3:41  Twilight Council  
  32  3:43  Adept  
  32  3:44  Adept  
  32  3:48  Probe  
  35  3:49  Probe, Assimilator  
  36  4:00  Probe  
  37  4:02  Probe  
  38  4:11  Adept  
  38  4:12  Adept  
  38  4:16  Pylon  
  42  4:18  Resonating Glaives (Chrono Boost)  
  42  4:24  Probe  
  42  4:25  Probe  
  44  4:39  Assimilator  
  44  5:01  Gateway  
  44  5:02  Templar Archives  
  44  5:14  Pylon  
  44  5:21  Adept x3  
  44  5:22  Adept  
  44  5:25  Probe  
  44  5:26  Probe  
  54  5:37  Probe  
  54  5:38  Probe  
  56  5:47  Nexus  
  56  5:49  Pylon  
  46  6:12  Stalker x2  
  46  6:13  Probe, Stalker x2  
  46  6:14  Probe  
  50  6:24  Gateway  
  50  6:26  Probe  
  50  6:27  Pylon  
  50  6:28  Pylon  
  50  6:32  Pylon  
  51  6:33  Pylon  
  51  6:36  Adept x2  
  51  6:37  Probe  
  56  6:48  Stalker x2  
  56  6:50  Probe  
  56  6:51  Probe  
  62  7:02  Probe  
  62  7:05  Pylon  
  62  7:06  High Templar x3  
  69  7:10  Archon  
  69  7:21  High Templar  
  69  7:22  High Templar  
  71  7:39  Probe  
  71  7:40  Probe  
  71  7:42  Sentry x2  
  71  7:43  Sentry  
  79  7:44  Archon  
  79  7:54  Probe  
  79  7:55  Probe  
  79  7:57  Gateway  
  81  8:06  Probe  
  81  8:08  Probe  
  81  8:09  Pylon  
  81  8:10  Adept x2  
  81  8:11  Adept x3  
  81  8:12  Pylon  
  93  8:21  Assimilator  
  93  8:24  Assimilator  
  85  8:29  Pylon  
  85  8:35  High Templar x4  
  85  8:36  High Templar  
  81  8:42  Archon  
  81  8:43  Archon  
  79  9:04  Probe  
  79  9:05  Probe  
  79  9:06  Gateway  
  81  9:10  High Templar x3  
  81  9:13  Zealot x3  
  81  9:14  Archon  
  81  9:15  Archon  
  83  9:31  Pylon  
  83  9:33  Pylon  
  83  9:36  Pylon  
  83  9:39  Pylon  
  83  9:41  Probe  
  83  9:43  Probe  
  85  9:45  Zealot  
  85  9:46  Zealot x5  
  85  9:47  Forge  
  85  9:52  Pylon  
  97  9:53  Pylon  
  97  9:56  Pylon  
  97  9:59  Pylon  
  91  10:07  High Templar  
  91  10:08  High Templar x4  
  91  10:12  Archon x2  
  101  10:14  Gateway  
  101  10:15  Gateway  
Tags
 
Composition
Zealot Archon
League
GoldGold
Matchup
PvZ
Replay Pack
All Mines
Spawn Locations
Cross Positions
Add a new tag
Caveats
  • Supply blocks, unpowered buildings, or Contaminate may cause inaccurate times.
  • Supply counts are checked every 10 seconds.